 Dungeon Crawl Stone Soup version 0.31.0-12-g77e489cdc1 (webtiles) character file.

Game seed: 8877720041207386643

22 RancidPinata the Sneak (level 2, -1/21 HPs)
             Began as an Octopode Delver on Feb 19, 2024.
             Slain by an orc wizard
             ... wielding a +0 dagger
              (4 damage)
             ... on level 5 of the Dungeon.
             The game lasted 00:02:18 (507 turns).

RancidPinata the Sneak (Octopode Delver)             Turns: 507, Time: 00:02:19

Health: -1/21      AC:  1    Str: 11    XL:     2   Next: 91%
Magic:  2/2        EV: 13    Int: 12    God:
Gold:   0          SH:  0    Dex: 13    Spells: 1/1 levels left

rFire   . . .        a - +0 short sword
rCold   . . .        (no shield)
rNeg    . . .        (helmet restricted)
rPois   .            (no amulet)
rElec   .            (no ring)
rCorr   .            (no ring)
SInv    .            (no ring)
Will    .....        (no ring)
Stlth   ++           (no ring)
HPRegen 0.23/turn    (no ring)
MPRegen 0.08/turn    (no ring)
                     (no ring)

%: no passive effects
@: confused
A: almost no armour, amphibious, 8 rings, camouflage 1, gelatinous body 1,
(nimble swimmer 1), tentacles
a: no special abilities


You were on level 5 of the Dungeon.
You visited 1 branch of the dungeon, and saw 3 of its levels.

Inventory:

Hand Weapons
 a - a +0 short sword (weapon)
Missiles
 h - 2 poisoned darts (quivered)
 i - 2 boomerangs
Wands
 f - a wand of digging (3)
 g - a wand of paralysis (7)
Scrolls
 b - a scroll of fog
 c - 2 scrolls of revelation
 d - a scroll of fear
 j - a scroll of brand weapon {unknown}
Potions
 e - a potion of haste


   Skills:
 * Level 3.3 Fighting
 + Level 2.2 Short Blades
 * Level 2.3 Dodging
 * Level 6.9 Stealth


You had one spell level left.
You didn't know any spells.
Your spell library was empty.

Dungeon Overview and Level Annotations

Branches:
Dungeon (7/15)
 Temple: D:4-7

Altars:


Innate Abilities, Weirdness & Mutations

You cannot wear most types of armour.
You are amphibious.
You can wear up to eight rings at the same time.
Your skin changes colour to match your surroundings (Stealth+).
Your rubbery body absorbs attacks. (AC +1, EV +1)
((You are camouflaged when in or above water. (Stealth+)))
You have tentacles for arms and can constrict up to eight enemies at once.


Message History

The orc wizard casts a spell.
The orc wizard flickers and vanishes!
Deactivating autopickup; reactivate with Ctrl-A.
The orc wizard mumbles some strange words.
The orc wizard flickers and vanishes!
There is a stone staircase leading up here.
You hear some strange, mumbled words.
A puff of flame appears from out of thin air!
The puff of flame misses you.
You climb upwards.
Reactivating autopickup.
There is a stone staircase leading down, spattered with blood here.
Something hits you.
Deactivating autopickup; reactivate with Ctrl-A.
You miss something. You tentacle-slap something. You squeeze something!
You hear some strange, mumbled words.
You are confused.
You hear some strange, mumbled words.
You are more confused.
Something unseen opens the door.
You bump into the rock wall.
You barely miss something. Something barely misses you.
You're too confused to move!
Something hits you.
You bump into the rock wall.
Something hits you.
You bump into the rock wall.
You hear some strange, mumbled words.
You are more confused.
You barely miss something. Something hits you.
You bump into the rock wall.
You hear some strange, mumbled words.
A puff of flame appears from out of thin air!
The puff of flame hits you!
Ouch! That really hurt!
* * * LOW HITPOINT WARNING * * *
You bump into the rock wall.
Something hits you.
* * * LOW HITPOINT WARNING * * *
You barely miss something. You completely miss something.
Your squeeze misses something. Something hits you.
You die...

. #+####
#.##...@#
#.....#{###
####......#
####+#.>..#
.......)..#
..........#
..........#
......#.....
......#......


There were no monsters in sight!

Vanquished Creatures
  An adder (D:6)
  2 ufetubi (D:6)
  An orc (D:5)
4 creatures vanquished.

Notes
Turn   | Place    | Note
-------+----------+-------------------------------------------
     0 | D:5      | RancidPinata the Octopode Delver began the quest for the
                  | Orb.
     0 | D:5      | Reached XP level 1. HP: 16/16 MP: 1/1
    51 | D:6      | Reached XP level 2. HP: 17/21 MP: 2/2
   102 | D:7      | Noticed a sky beast
   117 | D:7      | Noticed a wyvern
   144 | D:6      | HP: 1/21 [ufetubus (3)]
   247 | D:6      | Noticed a water moccasin
   507 | D:5      | Slain by an orc wizard

Illustrated notes

Levels and vault maps discovered:
D:5:      layout_basic, cheibrodos_gnoll_hut
D:6:      lemuel_ice_spiral_2, layout_basic, minmay_temple_entry_proselytizer
D:7:      layout_loops_ring, minitemple, grunt_ministairs_13, st_stairs_5

Action                     || total
---------------------------++-------
  Melee: Short sword       ||    20
         Tentacles         ||     5
         Constrict         ||     4
         Punch             ||     1
 Armour: Skin              ||    23
  Dodge: Dodged            ||    25
